 Dungeon Crawl Stone Soup version 0.21.1-1-g345015fe64 (webtiles) character file.

197 PentaManta the Sneak (level 5, 0/54 HPs)
             Began as an Octopode Assassin on Mar 22, 2018.
             Succumbed to a scorpion's poison
             ... on level 4 of the Dungeon.
             The game lasted 00:17:25 (2730 turns).

PentaManta the Sneak (Octopode Assassin)            Turns: 2730, Time: 00:17:25

Health: 0/54       AC: 22    Str: 10    XL:     5   Next: 75%
Magic:  5/5        EV:  2    Int: 14    God:
Gold:   114        SH:  0    Dex: 14    Spells: 4/4 levels left

rFire    . . .     SeeInvis .     - Unarmed
rCold    . . .     Gourm    .   (no shield)
rNeg     + + +     Faith    .   (helmet currently unavailable)
rPois    +         Spirit   .   (no amulet)
rElec    .         Reflect  .   (no ring)
rCorr    .         Harm     .   (no ring)
MR       .....     NoTele   +   (no ring)
Stlth    +++.......             (no ring)
HPRegen  0.18/turn              (no ring)
MPRegen  0.09/turn              (no ring)
                                (no ring)
                                (no ring)

@: lethally poisoned (0 -> -9), tree-form
A: almost no armour, stealthy swim, (amphibious), 8 rings, (constrict 8)
a: no special abilities


You were on level 4 of the Dungeon.
You were not hungry.
You were a tree.
You visited 1 branch of the dungeon, and saw 4 of its levels.
You also visited: Ossuary.

You collected 114 gold pieces.

Inventory:

Hand Weapons
 a - a +2 dagger
 b - a +0 blowgun
Missiles
 c - 7 poisoned needles
 d - 2 curare-tipped needles
 h - 28 stones (quivered)
Scrolls
 g - 5 scrolls of teleportation
 i - 3 scrolls of enchant armour
 j - a scroll of remove curse
Potions
 m - a potion of mutation {unknown}
 n - a potion of lignification
 o - a potion of flight {unknown}
 r - a potion of brilliance {unknown}
Comestibles
 f - 2 rations


   Skills:
 + Level 3.5 Fighting
 - Level 2.0 Short Blades
 - Level 2.0 Throwing
 + Level 1.9 Dodging
 - Level 5.3 Stealth
 * Level 4.0 Unarmed Combat


You had 4 spell levels left.
You didn't know any spells.

Dungeon Overview and Level Annotations

Branches:
Dungeon (4/15)
 Temple: D:4-7

Altars:

Annotations:
D:3 Lothor's ghost, amateur FoFi


Innate Abilities, Weirdness & Mutations

You cannot wear most types of armour.
You are very stealthy in the water. (Stealth+)
((You are amphibious.))
You can wear up to eight rings at the same time.
((You can use your tentacles to constrict eight enemies at once.))
((Your skin changes colour to match your surroundings (Stealth+).))
((Your rubbery body absorbs attacks. (AC +1, EV +1)))


Message History

* * * LOW HITPOINT WARNING * * *
You feel sick. The scorpion stings you.
* * * LOW HITPOINT WARNING * * *
The worker ant zombie bites you but does no damage.
You feel better. The scorpion stings you.
* * * LOW HITPOINT WARNING * * *
You are lethally poisoned!
The scorpion poisons you!
The worker ant zombie bites you but does no damage.
You hit the worker ant zombie but do no damage.
The worker ant zombie is almost destroyed.
* * * LOW HITPOINT WARNING * * *
You feel sick.
The scorpion stings you but does no damage.
The worker ant zombie bites you.
* * * LOW HITPOINT WARNING * * *
You smack the worker ant zombie!
You destroy the worker ant zombie!
Your Unarmed Combat skill increases to level 4!
You die...

********,,,,..########## **,
*,,,,*,***+*#..........# **
*,,,,,,,*,,,#..........#
*,,,,,,,,,,,#..........#
***,,,,,,,,*,,#..........########
,,,*+*,,,,,*,,*#....[............
,,,*,,,,,,,,,,,#.................
,,,*,,,,,,,,,,,+.s...............
,,,*,,*,,,######♣...............|
,,,*,,**,,#......................
,,,*,,**,,+........%.#+###+#####.
,,,*,,*##+#..........#,,,#.......
,,,*,,*..............#,,,#.......
,,,+,,+..............#,,,#.......
,,,****..............#,,,#.......
,,,,,,,....#####.....#####..###..
***,,,,#####...#.........#..###..


You could see a scorpion.

Vanquished Creatures
  A hound (D:4)
  A hound zombie (D:4)
  A mummy (Ossuary)
  A worker ant zombie (D:4)
  5 adders
  An ooze (D:1)
  A worm (D:2)
  A dart slug (D:1)
  3 leopard geckos
  3 orcs (D:4)
  5 giant cockroaches
  5 goblins
  4 hobgoblins
  4 jackals (D:4)
  2 quokkas
  2 bats (D:2)
  9 frilled lizards
  6 gnoll skeletons (Ossuary)
  5 kobolds
  10 kobold skeletons (Ossuary)
  9 orc skeletons (Ossuary)
  2 rats (D:3)
81 creatures vanquished.

Notes
Turn   | Place    | Note
-------+----------+-------------------------------------------
     0 | D:1      | PentaManta the Octopode Assassin began the quest for the Orb.
     0 | D:1      | Reached XP level 1. HP: 14/14 MP: 1/1
   129 | D:1      | Reached skill level 1 in Unarmed Combat
   155 | D:1      | Reached XP level 2. HP: 19/19 MP: 2/2
   480 | D:1      | Reached XP level 3. HP: 12/25 MP: 3/3
  1033 | D:2      | Reached XP level 4. HP: 15/30 MP: 4/4
  1526 | D:3      | Noticed Lothor's ghost (amateur FoFi)
  1582 | D:3      | Noticed an ogre
  1693 | D:4      | Found a sand-covered staircase.
  1709 | Ossuary  | Entered an ossuary
  1709 | Ossuary  | Noticed a wraith
  1709 | Ossuary  | Noticed a wraith
  1709 | Ossuary  | Noticed a wraith
  2031 | Ossuary  | Reached XP level 5. HP: 36/36 MP: 5/5
  2292 | Ossuary  | Noticed a wraith
  2729 | D:4      | HP: 1/54 [worker ant zombie (3)]
  2730 | D:4      | Succumbed to a scorpion's poison

Skill      XL: |  1  2  3  4  5 |
---------------+----------------+-----
Unarmed Combat | 1 2 3 4 |  4.0
Fighting       | 3 |  3.5
Short Blades   | |  2.0
Throwing       | |  2.0
Dodging        | |  1.9
Stealth        | |  5.3

Action                   |  1- 3 |  4- 6 || total
-------------------------+-------+-------++-------
Melee: Unarmed           |    76 |   137 ||   213
       Tentacles         |    20 |    27 ||    47
       Constrict         |    18 |    50 ||    68
       Punch             |       |     5 ||     5
 Fire: Blowgun           |     4 |       ||     4
  Use: Scroll            |       |     8 ||     8
       Potion            |       |     3 ||     3
 Stab: Sleeping          |     7 |     2 ||     9
  Eat: Chunk             |       |     2 ||     2
       Ration            |       |     1 ||     1
Armor: Skin              |     8 |    13 ||    21
Dodge: Dodged            |    34 |    75 ||   109
